 Dungeon Crawl Stone Soup version 0.24.0-35-gdb84b6a5db (webtiles) character file.

Game seed: 1898367208449675454, levelgen mode: deterministic

431 lepoulpe303 the Slasher (level 7, -7/49 HPs)
             Began as a Halfling Berserker on Nov 19, 2019.
             Was a Believer of Trog.
             Splashed by a jelly's acid (10 damage)
             ... on level 4 of the Dungeon.
             The game lasted 00:09:54 (4597 turns).

lepoulpe303 the Slasher (Halfling Berserker)        Turns: 4597, Time: 00:09:55

Health: -7/49      AC:  2    Str: 20    XL:     7   Next: 19%
Magic:  7/7        EV: 13    Int:  5    God:    Trog [**....]
Gold:   200        SH:  4    Dex: 14    Spells: 6/6 levels left

rFire    . . .     SeeInvis .   a - +0 long sword
rCold    . . .     Gourm    .   k - +0 buckler
rNeg     . . .     Faith    .   z - +0 scale mail
rPois    .         Spirit   .   b - +0 helmet (curse)
rElec    .         Reflect  .   (no cloak)
rCorr    .         Harm     .   n - +0 pair of gloves (curse)
MR       .....                  r - +0 pair of boots
Stlth    +.........             (no amulet)
HPRegen  0.16/turn              (no ring)
MPRegen  0.10/turn              (no ring)

@: corroded
A: small, mutation resistance 1
a: Berserk, Trog's Hand, Renounce Religion


You were on level 4 of the Dungeon.
You worshipped Trog.
Trog was pleased with you.
You were near starving.

You visited 1 branch of the dungeon, and saw 4 of its levels.

You collected 200 gold pieces.

Inventory:

Hand Weapons
 a - a +0 long sword (weapon)
 j - a +2 dagger of flaming
 x - a +0 falchion
Missiles
 t - a boomerang (quivered)
 v - 12 poisoned darts
 A - a throwing net {=f}
 Q - 116 stones
Armour
 b - a cursed +0 helmet (worn)
 k - a +0 buckler (worn)
 n - a cursed +0 pair of gloves (worn)
 r - a +0 pair of boots (worn)
 w - a +0 ring mail
 z - a +0 scale mail (worn)
Jewellery
 y - an uncursed ring of flight
 D - an uncursed ring of protection from fire {unknown}
Wands
 p - a wand of polymorph (4)
Scrolls
 c - 2 scrolls of teleportation {unknown}
 g - 3 scrolls of remove curse {unknown}
 h - a scroll of fear {unknown}
 i - 4 scrolls of identify
 l - 2 scrolls of enchant weapon {unknown}
 o - 3 scrolls of amnesia {unknown}
 q - a scroll of fog {unknown}
Potions
 d - 2 potions of might
 f - a potion of heal wounds {unknown}
 m - a potion of agility {unknown}
 s - 2 potions of mutation {unknown}
 u - 6 potions of curing {unknown}
 B - a potion of degeneration {unknown}
 C - a potion of lignification {unknown}
Comestibles
 e - 8 rations


   Skills:
 * Level 4.3 Fighting
 * Level 4.7 Long Blades
 + Level 3.5 Armour
 + Level 3.5 Dodging
 + Level 2.8 Stealth


You had 6 spell levels left.
You didn't know any spells.
Your spell library was empty.

Dungeon Overview and Level Annotations

Branches:
Dungeon (4/15)
 Temple: D:4-7

Altars:
Trog
Xom

Shops:
D:4 *


Innate Abilities, Weirdness & Mutations

You are small and have problems with some larger weapons.
You are somewhat resistant to further mutation.


Message History

MASSIVE DAMAGE!!
You hit the jelly.
Your hands burn!
The jelly hits you. The acid corrodes you!
You are splashed with acid!
* * * LOW HITPOINT WARNING * * *
You take 13 damage, and have 23/49 hp.
MASSIVE DAMAGE!!
You slash the jelly!
Your hands burn!
* * * LOW HITPOINT WARNING * * *
The jelly hits you but does no damage.
You take 4 damage, and have 19/49 hp.
You hit the jelly.
Your hands burn!
* * * LOW HITPOINT WARNING * * *
The jelly hits you.
* * * LOW HITPOINT WARNING * * *
The acid corrodes you!
You are splashed with acid!
* * * LOW HITPOINT WARNING * * *
The jelly hits you.
* * * LOW HITPOINT WARNING * * *
You are splashed with acid!
You die...

......# #.# #.##........#####.#.#
..###.# ### ###########..........
..# #.# ### #####......
..###.###)...÷.##.####### ##....#
.......##.P..P÷#.#.#...)#####.#..
#########.J.J..#.#.#.....##.#.###
#......#)#'#..)...'.#.#
#......#.#......).)...##
#.J.÷..#@#........)....# ###
#...÷..#J#.......##....## #
##.###......'##......###...##.
####...##÷.÷...############..##..
'......######## ### ##...##≈≈
####...### ### ##.# #.....[.[ #
##.#..# #.# #..# ##.(.##≈≈
###..####.# ##.# ##..##..
#.......######.#### ##..##.


You could see a jelly.

Levels and vault maps discovered:
D:1:      shiori_arrival_maze, layout_basic
D:2:      layout_basic, serial_forest, infiniplex_forest_zigzag_1,
          infiniplex_forest_straight_2, infiniplex_forest_straight_2,
          infiniplex_forest_clump_cross, infiniplex_forest_corner_1,
          infiniplex_forest_3_way, infiniplex_forest_clump_long,
          infiniplex_forest_lined_room_, infiniplex_forest_end_double,
          infiniplex_forest_pool, xom_redecorated
D:3:      layout_rooms, first_ration, uniq_grinder, uniq_jessica, uniq_sigmund
D:4:      cheibrodos_fertilizer, layout_loops_corners, makhleb_grotto_becter,
          serial_shops, shop_statue, portal_sewer_entry_c, trog_hazing_becter

Notes
Turn   | Place    | Note
-------+----------+-------------------------------------------
     0 | D:1      | lepoulpe303 the Halfling Berserker began the quest for the
                  | Orb.
     0 | D:1      | Reached XP level 1. HP: 15/15 MP: 1/1
   109 | D:1      | Identified a +0 club
   114 | D:1      | Reached XP level 2. HP: 10/20 MP: 2/2
   629 | D:1      | Identified a +0 short sword
   744 | D:1      | Identified a +0 club
   960 | D:1      | Identified a +0 buckler (You found it on level 1 of the
                  | Dungeon)
  1020 | D:2      | Reached XP level 3. HP: 8/25 MP: 3/3
  1027 | D:2      | HP: 6/25 [poisoned by an adder]
  1035 | D:2      | HP: 5/25 [poisoned by an adder]
  1326 | D:2      | Found a shimmering altar of Xom.
  1328 | D:2      | Found a shimmering altar of Xom.
  1329 | D:2      | Found a shimmering altar of Xom.
  1342 | D:2      | Reached skill level 3 in Fighting
  1404 | D:2      | Identified a +2 dagger of flaming
  1448 | D:2      | Identified a +0 club
  1451 | D:2      | Identified a +0 club
  1456 | D:2      | Identified a +0 club
  1633 | D:2      | Identified a +0 dagger
  1648 | D:2      | Reached skill level 1 in Stealth
  1665 | D:2      | Identified a cursed +0 pair of gloves (You found it on
                  | level 2 of the Dungeon)
  1836 | D:2      | Identified a +0 club
  1840 | D:2      | Reached ** piety under Trog
  2218 | D:2      | Identified a +0 pair of boots (You found it on level 2 of
                  | the Dungeon)
  2263 | D:2      | Found a shimmering altar of Xom.
  2272 | D:2      | Found a shimmering altar of Xom.
  2409 | D:3      | Reached XP level 4. HP: 27/31 MP: 4/4
  2436 | D:3      | Identified a +0 scythe
  2436 | D:3      | Identified a +0 robe
  2436 | D:3      | Noticed Sigmund
  2442 | D:3      | Identified a cursed -3 club
  2442 | D:3      | Identified a +0 robe
  2442 | D:3      | Noticed Jessica
  2452 | D:3      | Killed Jessica
  2561 | D:3      | Identified a +0 club
  2576 | D:3      | Identified a +0 mace
  2578 | D:3      | Identified a +0 short sword
  2597 | D:3      | Reached XP level 5. HP: 33/36 MP: 5/5
  2706 | D:3      | Identified a +0 mace
  2706 | D:3      | Identified a +0 ring mail
  2714 | D:3      | Identified a +0 club
  2714 | D:3      | Identified a cursed +0 ring mail
  2730 | D:3      | Noticed Grinder
  2730 | D:3      | Identified a +0 dagger
  2732 | D:3      | Paralysed by Grinder for 2 turns
  2793 | D:3      | Identified a cursed +0 helmet (You found it on level 3 of
                  | the Dungeon)
  2812 | D:3      | Identified a +0 long sword (You found it on level 3 of the
                  | Dungeon)
  2832 | D:3      | Noticed Grinder
  2832 | D:3      | Grinder changed into Grinder the quasit
  2838 | D:3      | Killed Grinder the quasit
  2838 | D:3      | Reached skill level 4 in Long Blades
  2838 | D:3      | Reached skill level 3 in Armour
  2838 | D:3      | Reached skill level 3 in Dodging
  2838 | D:3      | Reached skill level 2 in Stealth
  2910 | D:3      | Identified a +0 club
  2910 | D:3      | Identified an uncursed ring of flight
  2924 | D:3      | Identified 3 scrolls of identify
  2924 | D:3      | Identified 2 potions of might
  3004 | D:3      | Identified a +0 scale mail (You found it on level 3 of the
                  | Dungeon)
  3107 | D:3      | HP: 8/55 [something (8)]
  3108 | D:3      | Killed Sigmund
  3108 | D:3      | Reached skill level 4 in Fighting
  3108 | D:3      | Reached XP level 6. HP: 9/43 MP: 6/6
  3654 | D:4      | Identified a +0 dagger
  3654 | D:4      | Identified a +0 whip
  3654 | D:4      | Identified a +0 dagger
  3654 | D:4      | Identified a +0 club
  3654 | D:4      | Identified a +0 club
  3705 | D:4      | Found a bloodstained altar of Trog.
  3705 | D:4      | Identified a +0 animal skin
  3705 | D:4      | Identified a +0 animal skin
  3706 | D:4      | Identified a +0 animal skin
  3707 | D:4      | Identified a +0 animal skin
  3712 | D:4      | Identified a +0 animal skin
  3719 | D:4      | Identified a +0 animal skin
  3861 | D:4      | Identified a +0 club
  3887 | D:4      | Reached XP level 7. HP: 40/48 MP: 7/7
  4136 | D:4      | Found Qaavyats's Assorted Antiques.
  4176 | D:4      | Identified a +1 leather armour of fire resistance
  4597 | D:4      | HP: 6/49 [acid (8)]
  4597 | D:4      | Splashed by a jelly's acid

Table legend:
 A = Turns spent in this place as a percentage of turns spent in the entire game.
 B = Non-inter-level travel turns spent in this place as a percentage of non-inter-level travel turns spent in the entire game.
 C = Inter-level travel turns spent in this place as a percentage of turns spent in this place.
 D = Turns resting spent in this place as a percentage of non-inter-level travel turns spent in this place.
 E = Turns spent auto-exploring this place as a percentage of non-inter-level travel turns spent in this place.
 F = Non-inter-level travel turns spent in this place divided by the number of levels of this place that you've seen.
                   A       B       C       D       E      F
               +-------+-------+-------+-------+-------+----------------------
         Total | 100.0 | 100.0 |   5.2 |  26.1 |  54.5 | 1089.0
       Dungeon | 100.0 | 100.0 |   5.2 |  26.1 |  54.5 | 1089.0
               +-------+-------+-------+-------+-------+----------------------

Table legend:
 A = Kills in this place as a percentage of kills in entire the game.
 B = Kills by you in this place as a percentage of kills by you in the entire game.
 C = Kills by friends in this place as a percentage of kills by friends in the entire game.
 D = Other kills in this place as a percentage of other kills in the entire game.
 E = Experience gained in this place as a percentage of experience gained in the entire game.
 F = Experience gained in this place divided by the number of levels of this place that you have seen.
                   A       B       C       D       E      F
               +-------+-------+-------+-------+-------+----------------------
         Total | 100.0 | 100.0 |   N/A |   N/A | 100.0 | 154.0
       Dungeon | 100.0 | 100.0 |   N/A |   N/A | 100.0 | 154.0
               +-------+-------+-------+-------+-------+----------------------

Skill      XL: |  1  2  3  4  5 |
---------------+----------------+-----
Fighting       | 3 4 |  4.3
Stealth        | 1 2 |  2.8
Long Blades    | 4 |  4.7
Armour         | 3 |  3.5
Dodging        | 3 |  3.5

Action                   |  1- 3 |  4- 6 |  7- 9 || total
-------------------------+-------+-------+-------++-------
Melee: Falchion          |    92 |    35 |       ||   127
       Long sword        |       |    67 |    23 ||    90
Throw: Stone             |    68 |     1 |       ||    69
       Boomerang         |       |    35 |     2 ||    37
Invok: Berserk           |       |     2 |       ||     2
Evoke: Wand              |       |     3 |       ||     3
  Use: Scroll            |       |     1 |       ||     1
  Eat: Chunk             |     4 |     7 |     1 ||    12
Armor: Animal skin       |    15 |     4 |       ||    19
       Ring mail         |       |    13 |       ||    13
       Scale mail        |       |    16 |     7 ||    23
Dodge: Dodged            |    68 |    88 |     9 ||   165
Block: Buckler           |    10 |    31 |     1 ||    42
       Rpst.: Falchion   |    23 |     8 |       ||    31
       Long sword        |       |     6 |     3 ||     9

Vanquished Creatures
  Sigmund (D:3)
  A quasit (D:3)
  2 jellies (D:4)
  An orc priest (D:3)
  Jessica (D:3)
  3 adders
  6 oozes (D:4)
  A worm (D:3)
  2 dart slugs
  3 leopard geckos
  6 orcs
  6 bats
  4 giant cockroaches
  5 goblins
  11 hobgoblins
  2 jackals (D:3)
  A quokka (D:2)
  2 frilled lizards
  12 kobolds
  7 rats
77 creatures vanquished.

Vanquished Creatures (others)
  7 fungi (D:4)
  4 toadstools (D:4)
11 creatures vanquished.

Grand Total: 88 creatures vanquished
